 Dungeon Crawl Stone Soup version 0.20.1-1-g8b1a95d66d (webtiles) character file.

71 Peloso the Covered (level 4, 0/30 HPs)
             Began as a Halfling Fighter on Nov 18, 2017.
             Slain by Sigmund
             ... wielding a +0 scythe
              (7 damage)
             ... on level 3 of the Dungeon.
             The game lasted 00:03:55 (1837 turns).

Peloso the Covered (Halfling Fighter)               Turns: 1837, Time: 00:03:56

Health: 0/30       AC: 11    Str: 28    XL:     4   Next: 47%
Magic:  4/4        EV:  8    Int: 11    God:
Gold:   194        SH:  0    Dex: 13    Spells: 3/3 levels left

rFire    . . .     SeeInvis .   a - +0 long sword
rCold    . . .     Gourm    .   c - +0 shield
rNeg     . . .     Faith    .   b - +0 chain mail
rPois    .         Spirit   .   j - +0 helmet
rElec    .         Reflect  .   (no cloak)
rCorr    .         Harm     .   (no gloves)
MR       .....                  p - +0 pair of boots
Stlth    ..........             (no amulet)
Regen    0.1/turn               g - +5 ring of strength
MPRegen  0.1/turn               n - ring of wizardry

@: confused, mighty, brilliant
A: mutation resistance 1
a: no special abilities


You were on level 3 of the Dungeon.
You were not hungry.

You visited 1 branch of the dungeon, and saw 3 of its levels.

You collected 194 gold pieces.

Inventory:

Hand Weapons
 a - a +0 long sword (weapon)
 r - a +0 dagger of venom
Armour
 b - a +0 chain mail (worn)
 c - a +0 shield (worn)
 j - a +0 helmet (worn)
 p - a +0 pair of boots (worn)
Jewellery
 g - a +5 ring of strength (left hand)
 n - a ring of wizardry (right hand)
Scrolls
 h - 2 scrolls of identify {unknown}
 l - 2 scrolls of fear {unknown}
 m - 4 scrolls of teleportation {unknown}
 q - a scroll of magic mapping {unknown}
 s - a scroll of remove curse {unknown}
 t - a scroll of recharging {unknown}
Potions
 e - 2 potions of brilliance
Comestibles
 f - 2 bread rations
 i - a royal jelly
 k - 3 fruits
 u - a meat ration


   Skills:
 + Level 2.7 Fighting
 + Level 3.2 Long Blades
 + Level 4.0 Armour
 + Level 0.4 Dodging
 + Level 3.8 Shields


You had 3 spell levels left.
You didn't know any spells.

Dungeon Overview and Level Annotations

Branches:
Dungeon (3/15)

Altars:
Elyvilon

Annotations:
D:3 Sigmund


Innate Abilities, Weirdness & Mutations

You are small and have problems with some larger weapons.
You are somewhat resistant to further mutation.


Message History

Something hits you!
It was a potion of curing.
You feel better.
You hear some strange, mumbled words.
You are confused.
Something completely misses you.
You see here a stone.
Something hits you. Something hits you!
You bump into the rock wall.
You feel less confused.
You hit something but do no damage. Something hits you.
* * * LOW HITPOINT WARNING * * *
You feel very mighty all of a sudden.
You hear some strange, mumbled words.
Something tries to affect you, but you resist.
You closely miss something.
You hear some strange, mumbled words.
You are confused.
Something hits you!
You die...

##.....## #...(...#..
#.......#..
#.......#.# .#
#.....##.# #.# #...#
#.# #.#
+#######{####.# #.#
............#.# #.#
.........@....# #.#
(........(..#(#####.#
+#######'####.......#
##.(.###.#####.#
##.(†..##.# #.#
#.......#.# #.#
#.......#.# #.#
#.......#.# #.#
##.....##.# #.###


There were no monsters in sight!

Vanquished Creatures
  2 adders (D:2)
  2 worms
  5 leopard geckos
  3 bats
  4 giant cockroaches
  7 goblins
  3 hobgoblins
  3 jackals (D:1)
  6 kobolds
  3 rats
38 creatures vanquished.

Notes
Turn   | Place    | Note
-------+----------+-------------------------------------------
     0 | D:1      | Peloso the Halfling Fighter began the quest for the Orb.
     0 | D:1      | Reached XP level 1. HP: 15/15 MP: 1/1
   371 | D:1      | Reached XP level 2. HP: 20/20 MP: 2/2
  1067 | D:2      | Reached XP level 3. HP: 25/25 MP: 3/3
  1196 | D:2      | Found a white marble altar of Elyvilon.
  1467 | D:2      | Reached XP level 4. HP: 20/30 MP: 4/4
  1506 | D:2      | Reached skill level 4 in Armour
  1815 | D:3      | Noticed Sigmund
  1837 | D:3      | Slain by Sigmund

Skill      XL: |  1  2  3  4 |
---------------+-------------+-----
Armour         | 4 |  4.0
Long Blades    | 3 |  3.2
Fighting       | |  2.7
Dodging        | |  0.4
Shields        | |  3.8

Action                   |  1- 3 |  4- 6 || total
-------------------------+-------+-------++-------
Melee: Long sword        |   129 |    46 ||   175
  Use: Potion            |       |     3 ||     3
  Eat: Chunk             |     1 |     2 ||     3
Armor: Chain mail        |    59 |    20 ||    79
Dodge: Dodged            |    45 |    14 ||    59
Block: Shield            |    82 |    30 ||   112
       Rpst.: Long sword |    20 |     8 ||    28
